 Dungeon Crawl Stone Soup version 0.26-a0-694-g74916bafe0 (webtiles) character file.

Game seed: 3127350443858782899

22 Descartes the Grasshopper (level 2, -1/27 HPs)
             Began as a Naga Warper on Oct 25, 2020.
             Slain by a jackal (2 damage)
             ... on level 1 of the Dungeon.
             The game lasted 00:02:40 (641 turns).

Descartes the Grasshopper (Naga Warper)              Turns: 641, Time: 00:02:40

Health: -1/27      AC:  2    Str: 12 (13) XL:     2   Next: 91%
Magic:  5/5        EV:  9    Int: 10 (13) God:
Gold:   32         SH:  0    Dex:  7 (10) Spells: 5/5 levels left

rFire    . . .     SeeInvis +   a - +0 falchion
rCold    . . .     Faith    .   (no shield)
rNeg     . . .     Spirit   .   b - +0 leather armour
rPois    +         Reflect  .   (no helmet)
rElec    .         Harm     .   (no cloak)
rCorr    .         Rampage  .   (no gloves)
MR       .....                  (no barding)
Stlth    +.........             (no amulet)
HPRegen  0.09/turn              (no ring)
MPRegen  0.09/turn              (no ring)

@: very slow
A: large, see invisible, deformed body, poison resistance, slowness 2, spit
poison 1, AC +0
a: Spit Poison


You were on level 1 of the Dungeon.
You visited 1 branch of the dungeon, and saw 1 of its levels.

You collected 32 gold pieces.

Inventory:

Hand Weapons
 a - a +0 falchion (weapon)
Missiles
 e - 5 boomerangs of dispersal (quivered)
 i - 25 stones
 j - 10 poisoned darts
 l - 2 boomerangs
Armour
 b - a +0 leather armour (worn)
Scrolls
 c - a scroll of teleportation {unknown}
 d - a scroll of blinking
 f - a scroll of random uselessness {unknown}
 g - 2 scrolls of identify {unknown}
 k - a scroll of remove curse {unknown}


   Skills:
 + Level 2.3 Fighting
 - Level 2.1 Long Blades
 - Level 0.8 Throwing
 + Level 1.2 Armour
 + Level 1.9 Dodging
 + Level 2.2 Spellcasting
   Level 3.0 Translocations


You had 5 spell levels left.
You didn't know any spells.
Your spell library contained the following spells:

 Spells                   Type           Power        Failure   Level
 Blink                    Tloc           N/A          17%         2
 Gell's Gravitas          Tloc           #.........   34%         3
 Lesser Beckoning         Tloc           #.........   34%         3
 Teleport Other           Tloc           #.......     34%         3
 Passage of Golubria      Tloc           N/A          75%         4


Dungeon Overview and Level Annotations

Branches:
Dungeon (1/15)

Altars:


Innate Abilities, Weirdness & Mutations

You cannot wear boots.
Your serpentine skin is tough. (AC +0)
You have supernaturally acute eyesight. (SInv)
Armour fits poorly on your strangely shaped body.
Your system is resistant to poisons. (rPois)
You cover ground very slowly.
You can spit poison.


Message History

The jackal barely misses you.
You closely miss the jackal.
The jackal is lightly wounded.
The jackal barely misses you.
You hit the jackal but do no damage.
The jackal is lightly wounded.
The jackal barely misses you.
You riposte.
You closely miss the jackal.
The jackal is lightly wounded.
The jackal bites you.
* * * LOW HITPOINT WARNING * * *
You hit the jackal but do no damage.
The jackal is lightly wounded.
The jackal barely misses you. The jackal bites you.
* * * LOW HITPOINT WARNING * * *
It was a potion of degeneration.
There was something very wrong with that liquid.
You feel weakened.
You feel dopey.
You feel clumsy.
You have got your breath back.
The jackal bites you.
You die...

#.# #. #.# #. # #.
#.# ####.#####.. ..#
#.# .........#.####.#
#.# .........#....#.#
#.# .........#..#.#.#
#.# ......h.......#.#
#.#
.......@......#.###.#
#####+##............#
#......#.######
#...............
#...............
#...............
#........#######
#######.## #.#


You could see a jackal.

Vanquished Creatures
  A leopard gecko (D:1)
  5 bats (D:1)
  3 giant cockroaches (D:1)
  2 jackals (D:1)
  A kobold (D:1)
  6 frilled lizards (D:1)
  3 rats (D:1)
21 creatures vanquished.

Notes
Turn   | Place    | Note
-------+----------+-------------------------------------------
     0 | D:1      | Descartes the Naga Warper began the quest for the Orb.
     0 | D:1      | Reached XP level 1. HP: 19/19 MP: 3/3
   153 | D:1      | Reached skill level 1 in Armour
   153 | D:1      | Reached XP level 2. HP: 26/26 MP: 5/5
   640 | D:1      | HP: 1/27 [jackal (1)]
   641 | D:1      | Slain by a jackal

Illustrated notes

Levels and vault maps discovered:
D:1:      dpeg_arrival_chambers_temple_mockup, layout_basic

Skill      XL: |  1 |
---------------+----+-----
Armour         | 1 |  1.2
Fighting       | |  2.3
Long Blades    | |  2.1
Throwing       | |  0.8
Dodging        | |  1.9
Spellcasting   | |  2.2
Translocations | |  3.0

Action                   || total
-------------------------++-------
Melee: Falchion          ||    52
 Abil: Spit Poison       ||     2
  Use: Potion            ||     1
Armor: Leather armour    ||    23
Dodge: Dodged            ||    44
       Rpst.: Falchion   ||    15

Table legend: (Time is in decaauts)
 A = Elapsed time spent in this place.
 B = Non-inter-level travel time spent in this place.
 C = Inter-level travel time spent in this place.
 D = Time resting spent in this place.
 E = Time spent auto-exploring this place.
 F = Levels seen in this place.
 G = Mean time per level.
                   A        B        C        D        E       F      G
               +--------+--------+--------+--------+--------+-----+--------+
         Total |    756 |    756 |      0 |      0 |    630 |   1 |  756.0 |
       Dungeon |    756 |    756 |      0 |      0 |    630 |   1 |  756.0 |
               +--------+--------+--------+--------+--------+-----+--------+

Top non-repeatable levels by time:
     D:1: 756 daAuts
